 Dungeon Crawl Stone Soup version 0.30-a0-365-ge7f957f1db (webtiles) character file.

Game seed: 15906873204612544859

6570 iguanaiguana the Arsonist (level 11, -2/74 (89) HPs)
             Began as a Meteoran Fire Elementalist on Nov 17, 2022.
             Was a Believer of Vehumet.
             Slain by a hell rat (5 damage)
             ... on level 8 of the Dungeon.
             The game lasted 00:39:20 (2671 turns).

iguanaiguana the Arsonist (MeFE)                    Turns: 2671, Time: 00:39:20

HP:   -2/74 (89)    AC:  4    Str:  8    XL:     11   Next: 44%
MP:   17/23         EV: 14    Int: 24    God:    Vehumet [**....]
Gold: 205           SH:  0    Dex: 16    Spells: 6/25 levels left

rFire   + + .      SeeInvis .    C - staff of fire
rCold   + . .      Faith    .    (no shield)
rNeg    . . .      Spirit   .    d - +0 troll leather armour {Pargi}
rPois   .          Reflect  .    (no helmet)
rElec   .          Harm     .    (no cloak)
rCorr   .          Rampage  .    (no gloves)
Will    +....                    (no boots)
Stlth   +.........               (no amulet)
HPRegen 1.12/turn                h - ring of protection from cold
MPRegen 0.18/turn                (no ring)

@: about to teleport, on berserk cooldown, slowed, glowing, heavily drained,
very slow
A: sense surroundings 2, otherworldly, glowing, explore regen, clever 1, fire
resistance 1
a: Renounce Religion


You were on level 8 of the Dungeon.
You worshipped Vehumet.
Vehumet was pleased with you.
You visited 2 branches of the dungeon, and saw 9 of its levels.
You also visited: Sewer and Bailey.

You collected 205 gold pieces.

Inventory:

Hand Weapons
 c - a +0 dagger
 f - a +1 long sword
 n - a +0 dire flail
Missiles
 l - 6 poisoned darts
Armour
 a - a +0 robe
 d - a +0 troll leather armour (worn) {Pargi}
 x - a +3 plate armour
Magical Staves
 C - a staff of fire (weapon)
Jewellery
 h - a ring of protection from cold (left hand)
Wands
 i - a wand of polymorph (8)
Scrolls
 j - a scroll of poison
 k - a scroll of noise
 q - a scroll of fear {unknown}
 v - 3 scrolls of enchant weapon
 y - a scroll of summoning {unknown}
Potions
 b - a potion of magic
 g - a potion of curing {@q1}
 m - 2 potions of brilliance
 o - a potion of ambrosia
 p - 2 potions of invisibility {unknown}
 r - a potion of might {unknown}
 t - a potion of resistance {@q5}
 u - 2 potions of haste {unknown}
 w - a potion of lignification {unknown}
 z - a potion of cancellation {unknown}
 B - a potion of attraction {unknown}


   Skills:
 - Level 6.0 Fighting
 - Level 6.0 Dodging
 - Level 1.4 Stealth
 + Level 7.8 Spellcasting
 - Level 11.1 Conjurations
 - Level 4.0 Hexes
 - Level 12.0 Fire Magic
 - Level 6.0 Ice Magic


You had 6 spell levels left.
You knew the following spells:

 Your Spells              Type           Power      Damage    Failure   Level
a - Foxfire               Conj/Fire      100%       2x1d9     1%          1
b - Scorch                Fire           100%       2d10      1%          2
c - Iskenderun's Battles  Conj           58%        2d11      2%          5
d - Fireball              Conj/Fire      38%        3d16      2%          5
e - Ozocubu's Armour      Ice            38%        N/A       2%          3
f - Inner Flame           Hex/Fire       64%        N/A       1%          3

Your spell library contained the following spells:

 Spells                   Type           Power      Damage    Failure   Level
 Mephitic Cloud           Conj/Pois/Air  27%        N/A       6%          3
 Flame Wave               Conj/Fire      77%        2d17      1%          4
 Kindle Blastsparks       Fire/Tloc/Air  84%        2d17      5%          3
 Beastly Appendage        Tmut           18%        N/A       10%         1
 Ice Form                 Ice/Tmut       23%        N/A       28%         4
 Conjure Ball Lightning   Conj/Air       18%        3x3d7     83%         6
 Borgnjor's Vile Clutch   Necr/Erth      4%         N/A       95%         5
 Orb of Destruction       Conj           29%        9d9       65%         7
 Ozocubu's Refrigeration  Ice            19%        4d11      100%        7
 Shatter                  Erth           4%         3d8*      100%        9


Dungeon Overview and Level Annotations

Branches:
Dungeon (8/15) Zot: 2644   Temple (0/1) D:7            Lair (1/5) D:8 Zot: 593
  Sewer (visited)          Bailey (visited)

Altars:
Elyvilon
Vehumet
Xom
Zin
The Shining One

Shops:
D:4 *


Innate Abilities, Weirdness & Mutations

You passively map the area around you.
You are easily found by Zot.
You glow in the dark.
You regain HP and MP as you explore.
Your mind is acute. (Int +4, Str/Dex -1)
Your flesh is heat resistant. (rF+)


Message History

Okay, then.
A red film seems to cover your vision as you go berserk!
You feel yourself moving faster!
You feel mighty!
You feel a strong urge to attack something.
You feel your anger nearly subside.
You are no longer berserk.
You are exhausted.
You feel yourself slow down. The hell rat attacks as you move away!
The hell rat bites you!
* * * LOW HITPOINT WARNING * * *
The hell rat is no longer more vulnerable to fire.
The yak is no longer more vulnerable to fire.
Okay, then.
You feel much better. The hell rat bites you!
* * * LOW HITPOINT WARNING * * *
The hell rat bites you.
* * * LOW HITPOINT WARNING * * *
You feel drained.
* * * LOW HITPOINT WARNING * * *
Okay, then.
Okay, then.
Okay, then.
The hell rat attacks as you move away! The hell rat bites you!
* * * LOW HITPOINT WARNING * * *
You feel drained.
* * * LOW HITPOINT WARNING * * *
Okay, then.
Unknown command.
You feel much better. The hell rat bites you!
* * * LOW HITPOINT WARNING * * *
The hell rat bites you.
* * * LOW HITPOINT WARNING * * *
You feel drained.
* * * LOW HITPOINT WARNING * * *
As you read the scroll of teleportation {@r3}, it crumbles to dust.
You feel strangely unstable. The hell rat bites you!
* * * LOW HITPOINT WARNING * * *
The hell rat bites you.
You die...

* # #..^....# * #.
##..P....## * *
#.#.##.........# , ,
#..............##. ,
#.###.....>.....[... ,* #.
#....[......###. *
#.###..†........# *,
#.[rrY#.......#.#* ,*
###########@###.......#...
, #..<....$.)[..##.....##
..#
##.###.###########...##
..# #..# #)# * ##.## ,
##.####.### * ..* * ,
#...#..†..# .. , ,
#.P.#.....## #.. ,
#...#......##### * , , ,
##.##.....)....# *.#. *


You could see a yak and 2 hell rats.

Vanquished Creatures
  An orc knight (Bailey)
  Sigmund (D:2)
  A yak (D:8)
  Grum (D:8)
  2 wargs (D:8)
  A water moccasin (D:7)
  An ice beast (D:3)
  A black bear (D:7)
  9 orc warriors
  A sky beast (D:8)
  Pargi (Sewer)
  4 wolves (D:8)
  An ogre (D:6)
  A centaur (D:8)
  3 bullfrogs
  A scorpion (D:4)
  2 necrophages
  5 orc priests
  3 hounds
  3 jellies
  5 iguanas
  3 orc wizards
  3 gnolls (Bailey)
  9 adders
  A river rat (D:6)
  3 white imps
  2 worms
  4 dart slugs
  18 orcs
  3 bats
  5 endoplasms
  4 giant cockroaches
  22 goblins
  15 hobgoblins
  3 jackals (D:2)
  6 kobolds
  4 quokkas
  3 ball pythons
  2 frilled lizards
  5 rats
  A bush (D:8)
164 creatures vanquished.

Vanquished Creatures (collateral kills)
  5 foxfires
5 creatures vanquished.

Vanquished Creatures (others)
  231 foxfires
  9 plants
240 creatures vanquished.

Grand Total: 409 creatures vanquished

Notes
Turn   | Place    | Note
-------+----------+-------------------------------------------
     0 | D:1      | iguanaiguana the Meteoran Fire Elementalist began the quest
                  | for the Orb.
     0 | D:1      | Reached XP level 1. HP: 14/14 MP: 5/5
    63 | D:1      | Reached skill level 4 in Fire Magic
    64 | D:1      | Reached XP level 2. HP: 20/20 MP: 2/6
   108 | D:2      | Noticed Sigmund
   114 | D:1      | Learned a level 2 spell: Scorch
   119 | D:2      | Killed Sigmund
   120 | D:2      | Reached skill level 7 in Fire Magic
   120 | D:2      | Reached XP level 3. HP: 26/26 MP: 1/8
   120 | D:2      | Reached XP level 4. HP: 33/33 MP: 1/9
   120 | D:2      | Reached XP level 5. HP: 38/38 MP: 1/10
   120 | D:2      | Reached XP level 6. HP: 45/45 MP: 1/11
   156 | D:2      | Learned a level 3 spell: Inner Flame
   307 | D:1      | Reached skill level 1 in Hexes
   365 | D:2      | Found a faded altar of an unknown god.
   579 | D:3      | Noticed an ice beast
   586 | D:3      | Killed an ice beast
   717 | D:5      | Entered Level 5 of the Dungeon
   733 | D:4      | Found Zin's Purification Station.
   733 | D:4      | Found a glowing silver altar of Zin.
   764 | D:4      | Reached skill level 1 in Ice Magic
   764 | D:4      | Reached XP level 7. HP: 50/50 MP: 8/12
   781 | D:4      | Found a glowing golden altar of the Shining One.
   828 | D:4      | Learned a level 3 spell: Ozocubu's Armour
  1182 | D:5      | Reached XP level 8. HP: 42/57 MP: 7/13
  1215 | D:5      | Reached skill level 5 in Ice Magic
  1271 | D:6      | Gained mutation: You are clumsy. (Dex -2) [potion of
                  | mutation]
  1271 | D:6      | Gained mutation: You have a pair of small antennae on your
                  | head. [potion of mutation]
  1272 | D:6      | Lost mutation: You have a pair of small antennae on your
                  | head. [potion of mutation]
  1272 | D:6      | Lost mutation: You are clumsy. (Dex -2) [potion of
                  | mutation]
  1272 | D:6      | Gained mutation: Your body sometimes deteriorates upon
                  | taking damage. [potion of mutation]
  1273 | D:6      | Lost mutation: Your body sometimes deteriorates upon taking
                  | damage. [potion of mutation]
  1273 | D:6      | Gained mutation: Your flesh is heat resistant. (rF+)
                  | [potion of mutation]
  1273 | D:6      | Gained mutation: Your mind is acute. (Int +4, Str/Dex -1)
                  | [potion of mutation]
  1372 | D:6      | Found a radiant altar of Vehumet.
  1385 | D:6      | Reached skill level 1 in Fighting
  1402 | D:6      | Became a worshipper of Vehumet
  1506 | D:6      | Found a glowing drain.
  1520 | Sewer    | Entered a sewer
  1553 | Sewer    | Noticed Pargi
  1555 | Sewer    | Killed Pargi
  1555 | Sewer    | Reached * piety under Vehumet
  1555 | Sewer    | Offered knowledge of Kiss of Death by Vehumet.
  1696 | D:6      | Found a shimmering altar of Xom.
  1730 | D:7      | Gained mutation: You passively map the area around you.
                  | [Meteoran growth]
  1730 | D:7      | Reached XP level 9. HP: 40/68 MP: 6/16
  1737 | D:7      | Found a staircase to the Ecumenical Temple.
  1778 | D:7      | Found a flagged portal.
  1788 | Bailey   | Entered a bailey
  1809 | Bailey   | Reached skill level 5 in Spellcasting
  1853 | Bailey   | Reached skill level 5 in Dodging
  1985 | Bailey   | Offered knowledge of Sandblast by Vehumet.
  2068 | Bailey   | Reached ** piety under Vehumet
  2069 | Bailey   | Reached skill level 5 in Fighting
  2078 | Bailey   | Noticed an orc knight
  2088 | Bailey   | Killed an orc knight
  2089 | Bailey   | Reached XP level 10. HP: 76/83 MP: 0/21
  2145 | Bailey   | Noticed an orc warlord
  2205 | Bailey   | Got the Opusculum on Telluric Transmogrification
  2222 | Bailey   | HP: 1/83 [orc warlord/+4 broad axe (12)]
  2261 | Bailey   | Glimpsed the power of Zot.
  2265 | D:7      | Reached skill level 10 in Conjurations
  2265 | D:7      | Reached skill level 12 in Fire Magic
  2265 | D:7      | Reached XP level 11. HP: 71/89 MP: 22/22
  2272 | D:7      | Learned a level 5 spell: Fireball
  2278 | D:7      | Learned a level 5 spell: Iskenderun's Battlesphere
  2455 | D:8      | Found a white marble altar of Elyvilon.
  2504 | D:8      | Noticed Grum
  2523 | D:8      | Killed Grum
  2623 | D:8      | Offered knowledge of Mephitic Cloud by Vehumet.
  2626 | D:8      | Found a staircase to the Lair.
  2650 | Lair:1   | Entered Level 1 of the Lair of Beasts
  2650 | Lair:1   | Found the +6 shillelagh "Devastator" {shatter}
  2671 | D:8      | HP: 3/74 [hell rat (15)]
  2671 | D:8      | Slain by a hell rat

Illustrated notes

Levels and vault maps discovered:
D:1:      sevenhm_arrival_forest_fort_large_2, layout_basic,
          grunt_decor_junction, minmay_misc_feat_more_columns
D:2:      layout_basic, dreamdust_ecumenical_altar_angels_and_demons,
          uniq_sigmund
D:3:      layout_loops_cross, mainiacjoe_overflow_alcove_2,
          nicolae_ru_path_of_blood
D:4:      layout_basic, tso_metal_star, zin_purify
D:5:      layout_rooms, gammafunk_ghost_stat_death, serial_shops,
          nicolae_shop_bloodbath_and_beyond
D:6:      layout_cave_pools, mainiacjoe_overflow_catwalk,
          mainiacjoe_overflow_small_starburst, gup_sewer_entry_bubbles,
          kennysheep_boxes, uniq_menkaure
D:7:      layout_loops_ring, nicolae_uskayaw_suspiria,
          minmay_temple_entry_water_ring, enter_bailey_3, grunt_decor_cap,
          kennysheep_generic_room_13, uniq_crazy_yiuf_cottage
D:8:      layout_loops_ring, grunt_temple_overflow_bloody_war,
          grunt_temple_overflow_open, elyvilon_altar_1,
          erik_lair_orcish_takeover, grunt_ministairs_2, uniq_grum
Lair:1:   layout_cave_pods, st_stairs_12

Skill      XL: |  1  2  3  4  5  6  7  8  9 10 11 |
---------------+----------------------------------+-----
Fire Magic     | 4 7 12 | 12.0
Hexes          | 4 |  4.0
Ice Magic      | 1 4 6 |  6.0
Fighting       | 2 6 |  6.0
Spellcasting   | 4 7 |  7.8
Dodging        | 4 6 |  6.0
Conjurations   | 10 11 | 11.1
Stealth        | |  1.4

Action                   |  1- 3 |  4- 6 |  7- 9 | 10-12 || total
-------------------------+-------+-------+-------+-------++-------
Melee: Unarmed           |     1 |       |       |       ||     1
       Long sword        |       |     3 |    44 |     7 ||    54
       Staff             |       |       |       |    10 ||    10
Throw: Dart              |       |       |     1 |       ||     1
 Cast: Foxfire           |    10 |    38 |    66 |    24 ||   138
       Scorch            |     2 |    13 |    75 |    21 ||   111
       Inner Flame       |       |       |     9 |     1 ||    10
       Ozocubu's Armour  |       |       |     1 |       ||     1
       Iskenderun's Batt |       |       |       |     6 ||     6
       Fireball          |       |       |       |     5 ||     5
  Use: Potion            |       |       |     9 |     5 ||    14
       Scroll            |       |       |     5 |     5 ||    10
Armor: Robe              |     1 |    12 |    10 |       ||    23
       Troll leather arm |       |       |     9 |    10 ||    19
Dodge: Dodged            |     2 |    16 |    99 |    63 ||   180

Table legend: (Time is in decaauts)
 A = Elapsed time spent in this place.
 B = Non-inter-level travel time spent in this place.
 C = Inter-level travel time spent in this place.
 D = Time resting spent in this place.
 E = Time spent auto-exploring this place.
 F = Levels seen in this place.
 G = Mean time per level.
                   A        B        C        D        E       F      G
               +--------+--------+--------+--------+--------+-----+--------+
         Total |   2747 |   2569 |    178 |      0 |      0 |  11 |  249.7 |
       Dungeon |   2154 |   1976 |    178 |      0 |      0 |   8 |  269.2 |
          Lair |      6 |      6 |      0 |      0 |      0 |   1 |    6.0 |
         Sewer |     84 |     84 |      0 |      0 |      0 |   1 |   84.0 |
        Bailey |    502 |    502 |      0 |      0 |      0 |   1 |  502.0 |
               +--------+--------+--------+--------+--------+-----+--------+

Top non-repeatable levels by time:
  Bailey: 502 daAuts
     D:4: 462 daAuts
     D:6: 390 daAuts
     D:2: 317 daAuts
     D:7: 276 daAuts
     D:1: 253 daAuts
     D:8: 217 daAuts
     D:3: 125 daAuts
     D:5: 109 daAuts
   Sewer: 84 daAuts
  Lair:1: 6 daAuts
